 Dungeon Crawl Stone Soup version 0.24-a0-529-g0b98641 (webtiles) character file.

Game seed: 12231059844531482311

9719 Atlas the Thaumaturge (level 11, -28/76 HPs)
             Began as a Mummy Necromancer on Aug 7, 2019.
             Was an Initiate of Gozag.
             Killed from afar by an efreet (48 damage)
             ... with a fireball
             ... on level 10 of the Dungeon.
             The game lasted 00:20:07 (11422 turns).

Atlas the Thaumaturge (Mummy Necromancer)          Turns: 11422, Time: 00:20:09

Health: -28/76     AC: 13    Str: 11    XL:     11   Next: 26%
Magic:  18/27      EV: 16    Int: 21    God:    Gozag
Gold:   425        SH:  0    Dex: 13    Spells: 20/34 levels left

rFire    x . .     SeeInvis .   w - +1 demon whip (vamp)
rCold    + . .     Gourm    .   (no shield)
rNeg     + + +     Faith    .   q - +0 ring mail "Xuamuco" {Int+3}
rPois    ∞         Spirit   .   (no helmet)
rElec    .         Reflect  .   A - +2 cloak {+Inv}
rCorr    .         Harm     .   n - +0 pair of gloves
MR       +....                  (no boots)
Stlth    +.........             i - amulet of regeneration
HPRegen  0.62/turn              g - +4 ring of evasion
MPRegen  0.20/turn              s - +3 ring of protection

@: gold aura
A: no food or potions, fire vulnerability, cold resistance 1, negative energy
resistance 3, torment resistance, unbreathing
a: Potion Petition, Call Merchant, Bribe Branch, Renounce Religion, Evoke
Invisibility


You were on level 10 of the Dungeon.
You worshipped Gozag.
Gozag was aware of your devotion.
You were not hungry.

You visited 2 branches of the dungeon, and saw 12 of its levels.

You collected 649 gold pieces.
You paid 224 gold pieces to Gozag.

Inventory:

Hand Weapons
 w - a +1 vampiric demon whip (weapon)
Armour
 n - a +0 pair of gloves (worn)
 q - the +0 ring mail "Xuamuco" (worn) {Int+3}
   (You found it on level 4 of the Dungeon)

   It affects your intelligence (+3).
 A - a +2 cloak of invisibility (worn)
Jewellery
 g - a +4 ring of evasion (left hand)
 i - an amulet of regeneration (around neck)
 s - a +3 ring of protection (right hand)
Wands
 a - a wand of paralysis (2)
 e - a wand of polymorph (11)
 k - a wand of scattershot (1)
 o - a wand of flame (13)
 v - a wand of iceblast (3)
 y - a wand of random effects (15)
Scrolls
 b - 4 scrolls of teleportation
 d - 3 scrolls of identify
 f - 3 scrolls of fear
 h - 5 scrolls of remove curse
 j - 2 scrolls of random uselessness {unknown}
 l - a scroll of amnesia
 m - 3 scrolls of enchant weapon
 p - a scroll of blinking {unknown}
 r - 2 scrolls of fog
 t - 2 scrolls of magic mapping
 x - a scroll of noise {unknown}
 z - 2 scrolls of enchant armour
Miscellaneous
 u - a lightning rod (1/4)


   Skills:
 + Level 3.7 Fighting
   Level 5.4(5.5) Axes
 + Level 1.4(3.7) Maces & Flails
 + Level 4.9 Armour
 + Level 4.4 Dodging
 + Level 2.3 Stealth
 + Level 12.0 Spellcasting
 + Level 10.0 Necromancy
 + Level 0.6 Evocations


You had 20 spell levels left.
You knew the following spells:

 Your Spells              Type           Power        Failure   Level  Hunger
a - Pain                  Necr           ####         1%          1    N/A
b - Dispel Undead         Necr           ######..     5%          5    N/A
c - Vampiric Draining     Necr           ######....   1%          3    N/A
d - Borgnjor's Vile Clut  Necr/Erth      ####......   38%         5    N/A

Your spell library contained the following spells:

 Spells                   Type           Power        Failure   Level  Hunger
 Animate Skeleton         Necr           N/A          1%          1    N/A
 Corpse Rot               Necr           N/A          1%          2    N/A
 Animate Dead             Necr           N/A          1%          4    N/A
 Agony                    Necr           ######..     5%          5    N/A
 Apportation              Tloc           ##....       12%         1    N/A
 Confusing Touch          Hex            ##....       12%         1    N/A
 Corona                   Hex            ##.....      12%         1    N/A
 Summon Small Mammal      Summ           ##..         12%         1    N/A
 Ensorcelled Hibernation  Hex/Ice        ##....       17%         2    N/A
 Slow                     Hex            ##......     17%         2    N/A
 Confuse                  Hex            ##......     34%         3    N/A
 Dazzling Spray           Conj/Hex       ##....       34%         3    N/A
 Ignite Poison            Fire/Tmut/Pois ##......     34%         3    N/A
 Inner Flame              Hex/Fire       ##......     34%         3    N/A
 Portal Projectile        Hex/Tloc       ##....       34%         3    N/A
 Tukima's Dance           Hex            ##......     34%         3    N/A
 Excruciating Wounds      Chrm/Necr      ####......   38%         5    N/A
 Cause Fear               Hex            ##........   75%         4    N/A
 Leda's Liquefaction      Hex/Erth       ##........   75%         4    N/A
 Petrify                  Tmut/Erth      ##......     75%         4    N/A
 Alistair's Intoxication  Tmut/Pois      ##......     97%         5    N/A
 Irradiate                Conj/Tmut      ##........   97%         5    N/A
 Sublimation of Blood     Necr           Unusable     N/A         2    N/A
 Regeneration             Chrm/Necr      Unusable     N/A         3    N/A

Dungeon Overview and Level Annotations

Branches:
Dungeon (11/15)            Temple (1/1) D:7             Orc (0/2) D:9
   Lair: D:8-11

Altars:
Ashenzari
Cheibriados
Dithmenos
Elyvilon
Fedhas
Gozag
Hepliaklqana
Kikubaaqudgha
Makhleb
Nemelex Xobeh
Okawaru
Qazlal
Ru
Sif Muna
Trog
Uskayaw
Vehumet
Wu Jian
Xom
Yredelemnul
Zin
The Shining One

Shops:
D:10 :


Innate Abilities, Weirdness & Mutations

You do not eat or drink.
Your flesh is vulnerable to fire.
You are immune to poison.
Your flesh is cold resistant. (rC+)
You are immune to negative energy. (rN+++)
You are immune to unholy pain and torment.
You can survive without breathing.


Message History

Evoke which item? (* to show all) (? for menu, Esc to quit)
Aiming: Iceblast
Press: ? - help, Shift-Dir - straight line The mass of ice explodes!
The iceblast engulfs the efreet!
The efreet is frozen!
The efreet is severely wounded.
The efreet hits you with a +2 scimitar of flaming!
* * * LOW HITPOINT WARNING * * *
The efreet burns you.
* * * LOW HITPOINT WARNING * * *
Evoke which item? (* to show all) (? for menu, Esc to quit)
Aiming: Iceblast
Press: ? - help, Shift-Dir - straight line The mass of ice explodes!
The iceblast engulfs the efreet.
The efreet is severely wounded.
The efreet gestures at you.
The fireball explodes!
The fireball engulfs you!!! The fire burns you terribly!
Ouch! That really hurt!
You die...
Your body crumbles into a pile of gold.

######............# #..# #
#............# #..#
#............# #..#
#............######..#
####.................#
#.................#
#########.................#
.................[........#
...............R@.........#
###.......................#
#...#.(######.#########.#
#.(.##'#....#.# #.#
#...##∩#....#.# #.#
#...####....#.# #.#
#...#.......#.# #.#
###.(..#.###+##.# #.#
................#########.#


You could see an efreet.

Vanquished Creatures
  A cyclops (D:10)
  Maurice (D:8)
  Joseph (D:7)
  A centaur skeleton (D:10)
  A komodo dragon (D:10)
  2 trolls (D:9)
  2 hippogriffs (D:10)
  10 yaks
  A wraith (D:10)
  2 porcupines (D:11)
  A water moccasin (D:5)
  9 orc warriors
  2 sky beasts
  A hornet zombie (D:8)
  An eye of draining (D:10)
  3 black bears
  5 ogres
  A phantom (D:9)
  5 centaurs
  A big kobold (D:7)
  A gnoll sergeant (D:7)
  4 bullfrogs
  6 scorpions
  A water moccasin skeleton (D:11)
  11 killer bees
  4 electric eels (D:9)
  A howler monkey (D:9)
  7 crimson imps
  A centaur zombie (D:4)
  A bullfrog zombie (D:5)
  4 jellies
  3 hounds
  4 orc priests
  7 orc wizards
  A bullfrog skeleton (D:6)
  7 iguanas
  3 worker ants
  A hound zombie (D:10)
  2 worker ant zombies
  2 howler monkey skeletons
  10 gnolls
  23 adders
  4 shadow imps
  7 oozes
  An adder skeleton (D:8)
  4 worms
  6 leopard geckos
  51 orcs
  2 ball pythons
  5 giant cockroaches
  2 gnoll zombies (D:3)
  10 goblins
  12 hobgoblins
  8 quokkas
  11 bats
  5 frilled lizards
  12 kobolds
  A leopard gecko skeleton (D:6)
  8 rats
304 creatures vanquished.

Vanquished Creatures (others)
  A plant (D:11)
1 creature vanquished.

Grand Total: 305 creatures vanquished

Notes
Turn   | Place    | Note
-------+----------+-------------------------------------------
     0 | D:1      | Atlas the Mummy Necromancer began the quest for the Orb.
     0 | D:1      | Reached XP level 1. HP: 13/13 MP: 4/4
   324 | D:1      | Reached XP level 2. HP: 17/19 MP: 0/5
  1038 | D:2      | Reached XP level 3. HP: 24/24 MP: 5/7
  1043 | D:2      | Learned a level 3 spell: Vampiric Draining
  1146 | D:2      | Reached skill level 3 in Spellcasting
  1405 | D:2      | Reached skill level 5 in Necromancy
  1776 | D:2      | Reached XP level 4. HP: 30/30 MP: 3/9
  1953 | D:3      | Found a shadowy altar of Dithmenos.
  1954 | D:3      | Found a sacrificial altar of Ru.
  1957 | D:3      | Found an ornate altar of the Wu Jian Council.
  1958 | D:3      | Found a burning altar of Makhleb.
  1959 | D:3      | Found a bloodstained altar of Trog.
  1974 | D:3      | Reached skill level 4 in Spellcasting
  2136 | D:3      | Found a shimmering altar of Xom.
  2136 | D:3      | Found a shimmering altar of Xom.
  2139 | D:3      | Found a shimmering altar of Xom.
  2140 | D:3      | Found a shimmering altar of Xom.
  2141 | D:3      | Found a shimmering altar of Xom.
  2142 | D:3      | Found a shimmering altar of Xom.
  2206 | D:3      | Found a basalt altar of Yredelemnul.
  2711 | D:3      | Reached XP level 5. HP: 35/35 MP: 7/11
  3066 | D:3      | Reached skill level 5 in Spellcasting
  3383 | D:4      | Reached XP level 6. HP: 42/42 MP: 8/14
  3389 | D:4      | Noticed an orc warrior
  3506 | D:4      | Killed an orc warrior
  3556 | D:4      | Found a white marble altar of Elyvilon.
  3560 | D:4      | Reached skill level 6 in Spellcasting
  3604 | D:4      | Got a faintly glowing ring mail
  3615 | D:4      | Identified the +0 ring mail "Xuamuco" {Int+3} (You found it
                  | on level 4 of the Dungeon)
  3721 | D:4      | Reached skill level 1 in Axes
  3721 | D:4      | Reached XP level 7. HP: 47/47 MP: 12/16
  3914 | D:4      | Reached skill level 1 in Fighting
  3914 | D:4      | Reached skill level 1 in Armour
  4180 | D:5      | Entered Level 5 of the Dungeon
  4245 | D:5      | Found an iron altar of Okawaru.
  4343 | D:5      | Reached skill level 7 in Spellcasting
  4383 | D:5      | Reached XP level 8. HP: 34/54 MP: 5/19
  4570 | D:5      | Got a fine scale mail
  5007 | D:6      | Reached skill level 8 in Spellcasting
  6168 | D:7      | Reached skill level 9 in Spellcasting
  6168 | D:7      | Reached XP level 9. HP: 58/62 MP: 14/22
  6402 | D:7      | Found a stormy altar of Qazlal.
  6570 | D:7      | Found a staircase to the Ecumenical Temple.
  6582 | Temple   | Entered the Ecumenical Temple
  6726 | Temple   | Became a worshipper of Kikubaaqudgha
  7074 | D:7      | Noticed Joseph
  7099 | D:7      | Killed Joseph
  7538 | D:8      | Noticed Maurice
  7596 | D:8      | Paralysed by something for 2 turns
  7689 | D:8      | Reached skill level 10 in Spellcasting
  7824 | D:8      | Paralysed by Maurice for 3 turns
  7833 | D:8      | Killed Maurice
  7909 | D:8      | Identified the +2 scale mail of Mowosoxt {*Corrode +Inv
                  | Str+5} (You found it on level 5 of the Dungeon)
  8152 | D:9      | Reached * piety under Kikubaaqudgha
  8152 | D:9      | Identified Kikubaaqudgha's Reference Book on Evil
                  | (Kikubaaqudgha gifted it to you on level 9 of the Dungeon)
  8152 | D:9      | Received a gift from Kikubaaqudgha
  8152 | D:9      | Reached XP level 10. HP: 39/70 MP: 12/24
  9145 | D:9      | Reached skill level 11 in Spellcasting
  9292 | D:9      | Found a staircase to the Orcish Mines.
  9306 | D:9      | Reached ** piety under Kikubaaqudgha
  9587 | D:10     | Entered Level 10 of the Dungeon
  9841 | D:10     | Found Zitwee's Book Emporium.
  9976 | D:10     | Noticed a cyclops
 10017 | D:10     | Killed a cyclops
 10017 | D:10     | Reached skill level 5 in Axes
 10017 | D:10     | Reached XP level 11. HP: 55/75 MP: 16/26
 10847 | D:11     | Noticed a centaur warrior
 10854 | D:10     | Reached skill level 12 in Spellcasting
 10943 | D:10     | Reached skill level 1 in Maces & Flails
 11004 | D:11     | Reached *** piety under Kikubaaqudgha
 11004 | D:11     | Identified Kikubaaqudgha's Almanac of Necromancy
                  | (Kikubaaqudgha gifted it to you on level 11 of the Dungeon)
 11004 | D:11     | Received a gift from Kikubaaqudgha
 11045 | D:10     | Learned a level 5 spell: Borgnjor's Vile Clutch
 11051 | D:10     | Learned a level 5 spell: Dispel Undead
 11183 | Temple   | Fell from the grace of Kikubaaqudgha
 11183 | Temple   | Became a worshipper of Gozag Ym Sagoz the Greedy
 11403 | D:11     | Reached skill level 10 in Necromancy
 11422 | D:10     | Killed from afar by an efreet

Levels and vault maps discovered:
D:1:      zelgadis_glass_arrival_small, layout_loops_ring, minivault_26,
          minmay_domino_2
D:2:      layout_loops_corners, minmay_goblin_outpost
D:3:      minmay_chambers_of_threes, layout_basic,
          lemuel_zombie_altar_yredelemnul, xom_redecorated,
          chequers_temple_overflow_statue_of_worship,
          nicolae_dithmenos_shadow_blocks
D:4:      layout_loops_cross, first_ration, minmay_ruined_shrine
D:5:      layout_rooms, okawaru_gym_becter
D:6:      layout_gridville
D:7:      layout_basic, lemuel_crystal_altar, minmay_temple_entry_butterflies,
          uniq_joseph
D:8:      layout_rooms, uniq_maurice
D:9:      layout_cave_pods, erik_orc_2
D:10:     layout_irregular_city, serial_shops, nicolae_shop_window_shopping,
          hangedman_little_slice_of_home
D:11:     minmay_the_grid_square_5x5_3x3
          [minmay_the_grid_square_5x5_checkered_statues,
          minmay_the_grid_square_5x5_doubleslash,
          minmay_the_grid_square_5x5_three_walls,
          minmay_the_grid_square_5x5_fat_x,
          minmay_the_grid_square_5x5_megaprize_diamond,
          minmay_the_grid_square_5x5_almost_minimal,
          minmay_the_grid_square_5x5_intrusive_squares,
          minmay_the_grid_square_5x5_hourglass,
          minmay_the_grid_square_5x5_tri_point], layout_cave_pools,
          grunt_lair_entry_orc_guard_hut, nicolae_trove_entry_crossroad,
          guppyfry_shop_venom
Temple:   minmay_temple_curvy_branch

Skill      XL: |  1  2  3  4  5  6  7  8  9 10 11 |
---------------+----------------------------------+-----
Spellcasting   | 3 4 5 6 7 9 10 11 12 | 12.0
Necromancy     | 5 6 7 8 9 10 | 10.0
Dodging        | 2 3 4 |  4.4
Axes           | 1 2 3 5 |  5.4
Fighting       | 1 2 3 |  3.7
Armour         | 1 2 4 |  4.9
Stealth        | 2 |  2.3
Maces & Flails | 1 |  1.4
Evocations     | |  0.6

Action                   |  1- 3 |  4- 6 |  7- 9 | 10-12 || total
-------------------------+-------+-------+-------+-------++-------
Melee: Hand axe          |    52 |    93 |   495 |   342 ||   982
       Demon whip        |       |       |       |    85 ||    85
 Cast: Pain              |    52 |    88 |   151 |    82 ||   373
       Vampiric Draining |       |     7 |    41 |    39 ||    87
Evoke: Wand              |       |       |     5 |     8 ||    13
       Lightning rod     |       |       |       |     5 ||     5
  Use: Scroll            |       |       |    11 |     1 ||    12
 Stab: Sleeping          |     1 |       |       |       ||     1
Armor: Robe              |    12 |     1 |       |       ||    13
       Leather armour    |       |    14 |       |       ||    14
       Ring mail         |       |     6 |   210 |   184 ||   400
Dodge: Dodged            |    60 |   144 |   523 |   484 ||  1211

Table legend:
 A = Non-vault XP
 B = Vault XP
 C = Vault XP percentage of total XP
 D = Non-vault monster count
 E = Vault monster count
 F = Vault count percentage of total count
                 A         B        C        D         E       F
            +---------+---------+-------+---------+---------+-------
      Total |   11033 |    2852 |  20.5 |     242 |      62 |  20.4
            +---------+---------+-------+---------+---------+-------
        D:1 |      27 |       4 |  12.9 |      18 |       2 |  10.0
        D:2 |      72 |      14 |  16.3 |      22 |       7 |  24.1
        D:3 |     112 |     137 |  55.0 |      22 |      14 |  38.9
        D:4 |     472 |     173 |  26.8 |      20 |       2 |   9.1
        D:5 |     609 |       0 |   0.0 |      16 |       0 |   0.0
        D:6 |     902 |       0 |   0.0 |      29 |       0 |   0.0
        D:7 |     986 |     466 |  32.1 |      31 |       1 |   3.1
        D:8 |     778 |     485 |  38.4 |      15 |       1 |   6.2
        D:9 |    2539 |     780 |  23.5 |      30 |      21 |  41.2
       D:10 |    4274 |     352 |   7.6 |      35 |      10 |  22.2
       D:11 |     262 |     441 |  62.7 |       4 |       4 |  50.0
            +---------+---------+-------+---------+---------+-------
